 Dungeon Crawl Stone Soup version 0.31-a0-202-g547052bce9 (webtiles) character file.

Game seed: 4354090809400204158

1148 qw the Skirmisher (level 8, -2/46 HPs)
             Began as a Deep Elf Hunter on June 26, 2023.
             Was an Initiate of Okawaru.
             Slain by a kobold brigand
             ... wielding a +0 spear
              (3 damage)
             ... on level 4 of the Dungeon.
             The game lasted 00:01:30 (3965 turns).

qw the Skirmisher (Deep Elf Hunter)                 Turns: 3965, Time: 00:01:30

Health: -2/46      AC:  5    Str: 10    XL:     8   Next: 15%
Magic:  10/10      EV: 12    Int: 15    God:    Okawaru [......]
Gold:   149        SH:  0    Dex: 18    Spells: 7/7 levels left

rFire   . . .        Y - +1 shortbow
rCold   . . .        (shield currently unavailable)
rNeg    . . .        e - +0 ring mail
rPois   .            (no helmet)
rElec   .            (no cloak)
rCorr   .            (no gloves)
SInv    .            (no boots)
Will    .....        (no amulet)
Stlth   +            (no ring)
HPRegen 0.27/turn    (no ring)
MPRegen 0.12/turn

%: no passive effects
@: lethally poisoned (-2 -> -7), slowed, very slow
A: no striking features
a: Renounce Religion


You were on level 4 of the Dungeon.
You worshipped Okawaru.
Okawaru was noncommittal.
You visited 1 branch of the dungeon, and saw 4 of its levels.

You collected 149 gold pieces.


   Skills:
 - Level 3.1 Fighting
 + Level 12.1 Ranged Weapons
 - Level 1.1 Armour
 - Level 4.0 Dodging
 - Level 1.2 Stealth


You had 7 spell levels left.
You didn't know any spells.
Your spell library was empty.

Inventory:

Hand Weapons
 Y - a +1 shortbow (weapon)
Armour
 e - a +0 ring mail (worn)
 g - a +0 pair of boots
Jewellery
 c - an amulet of guardian spirit
Scrolls
 a - a scroll of identify
 k - a scroll of vulnerability {unknown}
Potions
 b - a potion of degeneration {unknown}
 d - a potion of heal wounds {unknown}
 f - a potion of brilliance {unknown}
 h - a potion of berserk rage {unknown}
 i - 2 potions of attraction {unknown}
 j - a potion of ambrosia {unknown}

Dungeon Overview and Level Annotations

Branches:
Dungeon (4/15)
 Temple: D:4-7

Altars:
Elyvilon
Gozag
Okawaru
Qazlal
Uskayaw
Wu Jian
Yredelemnul

Annotations:
D:3 3 runed translucent doors, qw's ghost, amateur DEHu


Message History

The curare-tipped dart hits you.
You are poisoned.
You have difficulty breathing.
You feel yourself slow down.
You shoot an arrow. The arrow barely misses the gnoll.
You feel very sick. The gnoll barely misses you. x2
You shoot an arrow. The arrow hits the gnoll!
The gnoll is severely wounded.
You feel sick.
The kobold brigand throws a curare-tipped dart.
The curare-tipped dart hits you.
You are more poisoned.
You have difficulty breathing.
You feel as though you will be slow longer.
The gnoll barely misses you.
You shoot an arrow. The arrow hits the gnoll.
The gnoll is almost dead.
You feel very sick. The gnoll closely misses you.
The kobold brigand barely misses you. The gnoll barely misses you.
A gnoll comes into view. It is wielding a +0 club.
You shoot an arrow.
The arrow hits the gnoll but does no damage.
The gnoll is almost dead.
You feel very sick.
The kobold brigand hits you from afar with a +0 spear.
The gnoll hits you from afar with a +0 spear.
You shoot an arrow. The arrow hits the gnoll.
The gnoll is almost dead.
You feel very sick.
You hear a shout!
The kobold brigand throws a curare-tipped dart.
The curare-tipped dart closely misses you.
The gnoll misses you. The kobold brigand misses you.
You hear a shout! x2
You shoot an arrow. The arrow closely misses the gnoll.
The arrow hits the gnoll but does no damage.
You feel sick. The gnoll barely misses you.
The kobold brigand hits you from afar with a +0 spear.
You die...

.............)...................
~~~~~~~~~....~~~~~~~~~~~~~~~~~~~.
~~~~~~~~~..).~~~~~~~~~~~~~~~~~~~.
~~~~~~~~~...)~~~~~~~~~~~~#####~~.
.........................#.o.#~~.
#########''))#############...#~~P
#...)#.......# #'###~~.
...#....#.)..K..# ..#.~~~.
...'....'.)@.ggo# #.~~~.
###############'# #.%~~. #.~~~.
#.~~~. #.~~~. #.~~~. #.#.~~~.
#g###~~.
##########################...#~~.


You could see a kobold brigand, 2 gnolls and an orc.

Vanquished Creatures
  Grinder (D:3)
  Eustachio (D:4)
  A black bear (D:4)
  2 ogres (D:4)
  3 howler monkeys (D:4)
  A jelly (D:4)
  2 hounds (D:4)
  An orc priest (D:4)
  Jessica (D:2)
  An iguana (D:4)
  An orc wizard (D:4)
  Natasha (thrice) (D:3)
  7 gnolls (D:4)
  2 adders
  A worm (D:2)
  9 orcs (D:4)
  10 ball pythons
  5 bats
  7 endoplasms
  4 giant cockroaches
  5 goblins
  4 hobgoblins
  15 jackals
  3 quokkas
  2 kobolds
  3 rats
95 creatures vanquished.

Notes
Turn   | Place    | Note
-------+----------+-------------------------------------------
     0 | D:1      | qw the Deep Elf Hunter began the quest for the Orb.
     0 | D:1      | Reached XP level 1. HP: 12/12 MP: 3/3
     0 | D:1      | 0 ||| qw: Version: 0.3-a-22-g0ed2b0b
     0 | D:1      | 0 ||| qw: Game counter: 6332
     0 | D:1      | 0 ||| qw: Melee chars always use a shield: true
     0 | D:1      | 0 ||| qw: God list: Okawaru
     0 | D:1      | 0 ||| qw: Allow faded altars: false
     0 | D:1      | 0 ||| qw: Do Orc after clearing Dungeon:15 true
     0 | D:1      | 0 ||| qw: Do second Lair branch before Depths: true
     0 | D:1      | 0 ||| qw: Lair rune preference: random
     0 | D:1      | 0 ||| qw: Goals: Normal
     0 | D:1      | 0 ||| PLANNING D:1-11
   339 | D:1      | Reached XP level 2. HP: 16/16 MP: 4/4
   346 | D:1      | Reached skill level 6 in Ranged Weapons
  1039 | D:1      | 1039 ||| UPGRADING to +0 ring mail.
  1049 | D:1      | 1049 ||| DROPPING +0 leather armour.
  1050 | D:1      | 1050 ||| READING scroll labelled SASING FOKYTS.
  1051 | D:1      | 1051 ||| READING scroll labelled SYCLUNOEWN.
  1052 | D:1      | 1052 ||| READING scroll labelled FEPPOUGUMY.
  1053 | D:1      | 1053 ||| DROPPING scroll of butterflies.
  1466 | D:2      | Noticed Jessica
  1474 | D:2      | HP: 3/16 [Jessica/nerve-wracking pain (7)]
  1476 | D:2      | Killed Jessica
  1477 | D:2      | Reached skill level 7 in Ranged Weapons
  1477 | D:2      | Reached XP level 3. HP: 3/20 MP: 5/5
  1576 | D:2      | Reached XP level 4. HP: 25/25 MP: 6/6
  1618 | D:2      | Found a faded altar of an unknown god.
  2099 | D:2      | 2099 ||| READING scroll labelled UHOAMUWN XINNO.
  2100 | D:2      | 2100 ||| READING scroll labelled CYEXYT ACWIDA.
  2101 | D:2      | 2101 ||| READING scroll labelled BEAXZER GAOV.
  2144 | D:2      | 2144 ||| DRINKING 3 lumpy green potions.
  2184 | D:2      | 2184 ||| DROPPING 2 potions of lignification.
  2221 | D:3      | Found a runed translucent gate.
  2222 | D:3      | Found a runed translucent gate.
  2223 | D:3      | Found a runed translucent gate.
  2312 | D:3      | Noticed Natasha
  2319 | D:3      | Killed Natasha
  2414 | D:3      | Noticed Grinder
  2417 | D:3      | Paralysed by Grinder for 4 turns
  2426 | D:3      | HP: 6/25 [Grinder (3)]
  2431 | D:3      | Killed Grinder
  2432 | D:3      | Reached skill level 9 in Ranged Weapons
  2432 | D:3      | Reached XP level 5. HP: 9/29 MP: 7/7
  2432 | D:3      | Reached XP level 6. HP: 11/34 MP: 8/8
  2545 | D:3      | Noticed Natasha
  2549 | D:3      | Killed Natasha
  2554 | D:3      | Found a white marble altar of Elyvilon.
  2558 | D:3      | Found a stormy altar of Qazlal.
  2562 | D:3      | Found a basalt altar of Yredelemnul.
  2562 | D:3      | Found an opulent altar of Gozag.
  2569 | D:3      | Found a hide-covered altar of Uskayaw.
  2624 | D:3      | Noticed Natasha
  2628 | D:3      | Killed Natasha
  2696 | D:3      | Noticed qw's ghost (amateur DEHu)
  2847 | D:3      | 2847 ||| UPGRADING to amulet of guardian spirit.
  2852 | D:3      | 2852 ||| READING scroll labelled PIMEGR UCEIL.
  2894 | D:4      | Reached skill level 10 in Ranged Weapons
  2925 | D:4      | Reached skill level 3 in Dodging
  2938 | D:4      | Noticed Eustachio
  2948 | D:4      | Killed Eustachio
  2949 | D:4      | Reached skill level 11 in Ranged Weapons
  2949 | D:4      | Reached XP level 7. HP: 40/40 MP: 9/9
  3029 | D:4      | HP: 10/40 [gnoll/+0 spear (5)]
  3036 | D:4      | HP: 3/40 [gnoll/+0 spear (3)]
  3041 | D:4      | 3041 ||| FLEEEEING.
  3042 | D:4      | 3042 ||| FLEEEEING.
  3043 | D:4      | 3043 ||| FLEEEEING.
  3045 | D:4      | 3045 ||| FLEEEEING.
  3046 | D:4      | 3046 ||| FLEEEEING.
  3047 | D:4      | 3047 ||| FLEEEEING.
  3048 | D:4      | 3048 ||| FLEEEEING.
  3049 | D:4      | 3049 ||| FLEEEEING.
  3050 | D:4      | 3050 ||| FLEEEEING.
  3051 | D:4      | 3051 ||| FLEEEEING.
  3052 | D:4      | 3052 ||| FLEEEEING.
  3053 | D:4      | 3053 ||| FLEEEEING.
  3054 | D:4      | 3054 ||| FLEEEEING.
  3055 | D:4      | 3055 ||| FLEEEEING.
  3056 | D:4      | 3056 ||| FLEEEEING.
  3064 | D:4      | HP: 7/40 [iguana (1)]
  3065 | D:4      | HP: 3/40 [iguana (5)]
  3226 | D:4      | Found an iron altar of Okawaru.
  3227 | D:4      | 3227 ||| PLANNING OKAWARU WORSHIP
  3242 | D:4      | Reached skill level 12 in Ranged Weapons
  3268 | D:4      | Became a worshipper of Warmaster Okawaru
  3269 | D:4      | 3269 ||| PLANNING D:1-11
  3269 | D:4      | 3269 ||| REMOVING amulet of guardian spirit.
  3317 | D:4      | Reached skill level 1 in Armour
  3463 | D:4      | Found an ornate altar of the Wu Jian Council.
  3798 | D:4      | Reached XP level 8. HP: 43/45 MP: 10/10
  3839 | D:4      | Reached skill level 3 in Fighting
  3963 | D:4      | HP: 9/46 [kobold brigand/+0 spear (3)]
  3964 | D:4      | HP: 2/46 [poisoned by a kobold brigand (curare-tipped
                  | dart)]
  3965 | D:4      | Slain by a kobold brigand

Levels and vault maps discovered:
D:1:      onia_arrival_handbag, layout_loops_corners, hex_medium,
          grunt_decor_clamped, kennysheep_boxes
D:2:      layout_basic, shapermc_ecumenical_altar_totnotflames,
          nicolae_hexahallways, uniq_jessica
D:3:      layout_rooms, nicolae_overflow_hallway_of_the_gods,
          gammafunk_ghost_icy, kennysheep_generic_room_14, uniq_grinder,
          uniq_natasha
D:4:      lemuel_castle_with_subvaults [lemuel_castle_interior_carwin_3],
          layout_rooms, okawaru_trees_2,
          mainiacjoe_overflow_concentric_impassable, serial_curves,
          eino_curves_02, eino_curves_02, minivault_14, st_stairs_9,
          grunt_ministairs_11, uniq_eustachio

Skill      XL: |  1  2  3  4  5  6  7  8 |
---------------+-------------------------+-----
Ranged Weapons | 7 9 11 12 | 12.1
Fighting       | 2 3 |  3.1
Dodging        | 3 4 |  4.0
Armour         | 1 |  1.1
Stealth        | |  1.2

Action                     |  1- 3 |  4- 6 |  7- 9 || total
---------------------------+-------+-------+-------++-------
   Fire: Shortbow          |    88 |    76 |   201 ||   365
    Use: Scroll            |     3 |     4 |       ||     7
         Potion            |       |     1 |       ||     1
 Armour: Ring mail         |    21 |     2 |    24 ||    47
         Leather armour    |     7 |       |       ||     7
  Dodge: Dodged            |    41 |    10 |    58 ||   109

Table legend:
 A = Non-vault XP
 B = Vault XP
 C = Vault XP percentage of total XP
 D = Non-vault monster count
 E = Vault monster count
 F = Vault count percentage of total count
                 A         B        C        D         E       F
            +---------+---------+-------+---------+---------+-------
      Total |     619 |    1021 |  62.3 |      57 |      38 |  40.0
            +---------+---------+-------+---------+---------+-------
        D:1 |      16 |       6 |  27.3 |      10 |       4 |  28.6
        D:2 |      42 |      37 |  46.8 |      16 |       1 |   5.9
        D:3 |      88 |     314 |  78.1 |      11 |       3 |  21.4
        D:4 |     473 |     664 |  58.4 |      20 |      30 |  60.0
            +---------+---------+-------+---------+---------+-------
